 Dungeon Crawl Stone Soup version 0.30.0 (webtiles) character file.

Game seed: 2127076117280892052

1559297 Sobieck the Archmage (level 27, 181/181 HPs)
             Began as a Deep Elf Conjurer on May 5, 2023.
             Was the Champion of Vehumet.
             Escaped with the Orb
             ... and 3 runes on May 6, 2023!
             The game lasted 07:13:39 (84867 turns).

Sobieck the Archmage (Deep Elf Conjurer)           Turns: 84867, Time: 07:13:39

Health: 181/181    AC: 10    Str:  9    XL:     27
Magic:  65/65      EV: 18    Int: 52    God:    Vehumet [******]
Gold:   4384       SH:  7    Dex: 12    Spells: 15/80 levels left

rFire   + . .        a - staff of air "Seameyfuy" {rElec Will++, !astaff}
rCold   + + .        i - +2 buckler of Lilacs {Fly rPois Will+ Slay+5}
rNeg    . . .        S - +2 robe of Vyssappe {rPois Int+6 Slay-5}
rPois   +            P - +0 mask of the Dragon {Will+ Slay+3 SInv}
rElec   +            M - +0 cloak of Wu Jian's Regard {rC+ Int+4}
rCorr   .            J - +1 pair of gloves of Popy {rPois rC+}
SInv    +            V - +2 pair of boots
Will    +++++        U - amulet of magic regeneration {@e2}
Stlth   +            A - ring of Ythrangoce {rPois rF+ Will+ Str+6}
HPRegen 0.50/turn    q - ring of magical power
MPRegen 0.79/turn

%: no passive effects
@: flying, studying 2 skills
A: clever 1
0: Orb of Zot
}: 3/15 runes: barnacled, silver, gossamer
a: Renounce Religion


You escaped.
You worshipped Vehumet.
Vehumet was exalted by your worship.
You visited 10 branches of the dungeon, and saw 48 of its levels.
You also visited: Sewer.

You collected 7968 gold pieces.
You spent 3584 gold pieces at shops.


Innate Abilities, Weirdness & Mutations

Your mind is acute. (Int +4, Str/Dex -1)


   Skills:
 + Level 20.9 Fighting
 - Level 17.0 Dodging
 - Level 6.0 Stealth
 - Level 5.0 Shields
 O Level 27 Spellcasting
 - Level 20.0 Conjurations
 - Level 8.0 Hexes
 - Level 8.0 Summonings
 - Level 4.0 Translocations
 - Level 8.0 Transmutations
 - Level 20.0 Fire Magic
 - Level 4.0 Ice Magic
 - Level 20.0 Air Magic
 - Level 8.0 Earth Magic


You had 15 spell levels left.
You knew the following spells:

 Your Spells              Type           Power      Damage    Failure   Level
a - Spellforged Servitor  Conj/Summ      60%        N/A       1%          7
b - Statue Form           Tmut/Erth      67%        N/A       1%          6
c - Ignition              Fire           67%        3d18      1%          8
d - Iskenderun's Mystic   Conj/Tloc      100%       2d19      0%          4
e - Magic Dart            Conj           100%       1d8       0%          1
f - Maxwell's Capacitive  Air            80%        ∞         1%          8
g - Lehudib's Crystal Sp  Conj/Erth      60%        10d14     1%          8
h - Plasma Beam           Fire/Air       80%        2x1d107   0%          6
i - Irradiate             Conj/Tmut      60%        3d31      0%          5
j - Chain Lightning       Conj/Air       80%        3d107     1%          9
k - Swiftness             Air            100%       N/A       0%          3

Your spell library contained the following spells:

 Spells                   Type           Power      Damage    Failure   Level
 Polar Vortex             Ice            42%        N/A       100%        9
 Beastly Appendage        Tmut           100%       N/A       0%          1
 Foxfire                  Conj/Fire      100%       2x1d9     0%          1
 Shock                    Conj/Air       100%       1d9       0%          1
 Slow                     Hex            100%       N/A       0%          1
 Passwall                 Tmut/Erth      84%        N/A       0%          2
 Poisonous Vapours        Pois/Air       100%       N/A       0%          2
 Searing Ray              Conj           100%       2d8       0%          2
 Static Discharge         Conj/Air       100%       2-7/arc   0%          2
 Wereblood                Tmut           100%       N/A       0%          2
 Dazzling Flash           Conj/Hex       100%       N/A       0%          3
 Inner Flame              Hex/Fire       100%       N/A       0%          3
 Mephitic Cloud           Conj/Pois/Air  100%       N/A       0%          3
 Vhi's Electric Charge    Tloc/Air       100%       N/A       0%          3
 Airstrike                Air            80%        2d(12-28) 0%          4
 Fulminant Prism          Conj/Hex       60%        3d26      0%          4
 Summon Lightning Spire   Summ/Air       100%       N/A       0%          4
 Arcjolt                  Conj/Air       80%        1d90      0%          5
 Fireball                 Conj/Fire      67%        3d25      0%          5
 Freezing Cloud           Conj/Ice/Air   73%        6-21      0%          5
 Iskenderun's Battlesphe  Conj           100%       2d15      0%          5
 Starburst                Conj/Fire      67%        6d18      0%          6
 Apportation              Tloc           100%       N/A       1%          1
 Cigotuvi's Dreadful Rot  Necr/Pois/Air  100%       N/A       1%          2
 Ensorcelled Hibernation  Hex/Ice        100%       N/A       1%          2
 Portal Projectile        Hex/Tloc       100%       N/A       1%          3
 Spider Form              Tmut/Pois      84%        N/A       1%          3
 Summon Guardian Golem    Hex/Summ       100%       N/A       1%          3
 Anguish                  Hex/Necr       42%        N/A       1%          4
 Animate Armour           Summ/Erth      100%       N/A       1%          4
 Cause Fear               Hex            50%        N/A       1%          4
 Dispel Undead            Necr           63%        3d22      1%          4
 Leda's Liquefaction      Hex/Erth       50%        N/A       1%          4
 Olgreb's Toxic Radiance  Pois           63%        N/A       1%          4
 Alistair's Intoxication  Tmut/Pois      56%        N/A       1%          5
 Blade Hands              Tmut           50%        N/A       1%          5
 Lee's Rapid Deconstruct  Erth           50%        3d24*     1%          5
 Yara's Violent Unravell  Hex/Tmut       50%        3d19      1%          5
 Iron Shot                Conj/Erth      60%        9d11      1%          6
 Orb of Destruction       Conj           67%        9d16      1%          7
 Storm Form               Tmut/Air       72%        N/A       1%          7
 Dragon Form              Tmut           50%        N/A       6%          7
 Enfeeble                 Hex            50%        N/A       6%          7
 Malign Gateway           Summ/Tloc      46%        N/A       14%         7
 Death Channel            Necr           31%        N/A       30%         6
 Discord                  Hex            50%        N/A       43%         8
 Summon Horrible Things   Summ           50%        N/A       43%         8
 Shatter                  Erth           50%        3d38*     85%         9
 Dragon's Call            Summ           50%        N/A       100%        9

Inventory:

Armour
 i - the +2 buckler of Lilacs (worn) {Fly rPois Will+ Slay+5}
   (You bought it in a shop on level 2 of the Orcish Mines)

   Slay:      It affects your accuracy & damage with ranged weapons and melee
   (+5).
   rPois:     It protects you from poison.
   Fly:       It grants you flight.
   Will:      It increases your willpower.
 J - the +1 pair of gloves of Popy (worn) {rPois rC+}
   (You found it on level 4 of the Spider Nest)

   rC:        It protects you from cold.
   rPois:     It protects you from poison.
 M - the +0 cloak of Wu Jian's Regard (worn) {rC+ Int+4}
   (You found it on level 2 of the Shoals)

   Int:       It affects your intelligence (+4).
   rC:        It protects you from cold.
 P - the +0 mask of the Dragon (worn) {Will+ Slay+3 SInv}
   (You found it on level 4 of the Realm of Zot)

   Slay:      It affects your accuracy & damage with ranged weapons and melee
   (+3).
   SInv:      It lets you see invisible.
   Will:      It increases your willpower.
 S - the +2 robe of Vyssappe (worn) {rPois Int+6 Slay-5}
   (You bought it in a shop on level 2 of the Orcish Mines)

   Int:       It affects your intelligence (+6).
   Slay:      It affects your accuracy & damage with ranged weapons and melee
   (-5).
   rPois:     It protects you from poison.
 V - a +2 pair of boots (worn)
   (You found it on level 3 of the Spider Nest)
Magical Staves
 a - the staff of air "Seameyfuy" (weapon) {rElec Will++, !astaff}
   (You found it on level 3 of the Elven Halls)

   [staff of air]

   Base accuracy: +5 Base damage: 5 Base attack delay: 1.2 This weapon's minimum
   attack delay (0.6) is reached at skill level 12.
   rElec:     It insulates you from electricity.
   Will:      It greatly increases your willpower.
   It falls into the 'Staves' category.
   It is a one-handed weapon.
 b - the staff of conjuration "Taenexe" {Will++ Str+2 Int+3 Dex-3, !a@e2staff}
   (You acquired it on level 1 of the Elven Halls)

   [staff of conjuration]

   Base accuracy: +5 Base damage: 5 Base attack delay: 1.2 This weapon's minimum
   attack delay (0.6) is reached at skill level 12.
   Str:       It affects your strength (+2).
   Int:       It affects your intelligence (+3).
   Dex:       It affects your dexterity (-3).
   Will:      It greatly increases your willpower.
   It falls into the 'Staves' category.
   It is a one-handed weapon.
Jewellery
 d - the ring "Pam Senn" {Fly rF+ Stlth+}
   (You found it on level 5 of the Vaults)

   [ring of protection from fire]

   rF:        It protects you from fire.
   Fly:       It grants you flight.
   Stlth:     It makes you more stealthy.
 p - a ring of flight
   (You found it on level 3 of the Spider Nest)
 q - a ring of magical power (right hand)
   (You found it on level 10 of the Dungeon)
 u - a ring of positive energy
   (You took it off a yaktaur on level 13 of the Dungeon)
 A - the ring of Ythrangoce (left hand) {rPois rF+ Will+ Str+6}
   (You took it off a deep elf annihilator on level 3 of the Elven Halls)

   [ring of strength]

   Str:       It affects your strength (+6).
   rF:        It protects you from fire.
   rPois:     It protects you from poison.
   Will:      It increases your willpower.
 C - a ring of positive energy
   (You found it on level 13 of the Dungeon)
 I - a +6 ring of intelligence
   (You took it off a deep elf sorcerer on level 3 of the Elven Halls)
 O - a ring of see invisible
   (You found it on level 1 of the Depths)
 Q - the ring "Wioc" {rPois rC+ rCorr Str+3}
   (You took it off a purple draconian on level 1 of the Realm of Zot)

   [ring of protection from cold]

   Str:       It affects your strength (+3).
   rC:        It protects you from cold.
   rPois:     It protects you from poison.
   rCorr:     It protects you from acid and corrosion.
 U - an amulet of magic regeneration (around neck) {@e2}
   (You found it on level 1 of the Spider Nest)
 Y - the ring "Gyrph" {Fly rF+ Str+5}
   (You found it on level 4 of the Shoals)

   [ring of flight]

   Str:       It affects your strength (+5).
   rF:        It protects you from fire.
   Fly:       It grants you flight.
Wands
 k - a wand of digging (7)
   (You bought it in a shop on level 2 of the Elven Halls)
 x - a wand of mindburst (34)
   (You found it on level 9 of the Dungeon)
 D - a wand of flame (88)
   (You found it on level 11 of the Dungeon)
 L - a wand of roots (43)
   (You found it on level 12 of the Dungeon)
 T - a wand of polymorph (18)
   (You found it on level 3 of the Lair of Beasts)
 Z - a wand of light (33)
   (You found it on level 3 of the Lair of Beasts)
Scrolls
 e - 10 scrolls of teleportation {@r4}
 h - 7 scrolls of blinking {!r}
 m - a scroll of silence {!r}
 n - 10 scrolls of magic mapping {!r}
 v - 7 scrolls of vulnerability {!r!r}
 y - 23 scrolls of identify {@r1}
 z - 7 scrolls of amnesia
 B - 6 scrolls of enchant armour
 G - 12 scrolls of fog
 H - 13 scrolls of immolation {!r!r}
 K - a scroll of summoning
 R - 7 scrolls of fear
 X - 5 scrolls of noise {!r}
Potions
 c - 7 potions of attraction {!q}
 f - 4 potions of haste {@q3}
 g - 11 potions of brilliance
 j - 8 potions of lignification {!q}
 l - 10 potions of mutation {!q}
 o - 4 potions of cancellation
 r - 33 potions of curing {@q1}
 s - 12 potions of flight
 t - 2 potions of resistance
 w - 4 potions of magic
 F - 12 potions of heal wounds {@q2}
 N - 4 potions of invisibility
 W - 7 potions of ambrosia
Miscellaneous
 E - a phial of floods
   (You found it on level 11 of the Dungeon)

Dungeon Overview and Level Annotations

Branches:
Dungeon (15/15)            Temple (1/1) D:5            Lair (5/5) D:9
 Shoals (4/4) Lair:2       Spider (4/4) Lair:2        Slime (0/5) Lair:5
    Orc (2/2) D:12            Elf (3/3) Orc:2        Vaults (5/5) D:13
  Crypt (0/3) Vaults:3     Depths (4/4) D:15            Zot (5/5) Depths:4
  Sewer (visited)

Altars:
Ashenzari
Cheibriados
Dithmenos
Elyvilon
Fedhas
Gozag
Hepliaklqana
Kikubaaqudgha
Makhleb
Nemelex Xobeh
Okawaru
Qazlal
Ru
Sif Muna
Trog
Uskayaw
Vehumet
Wu Jian
Xom
Yredelemnul
Zin
The Shining One
Jiyva
Lugonu

Shops:
D:6 *   D:8 *   Orc:2 [([:   Elf:1 [   Elf:2 [*(   Vaults:1 ?   Vaults:3 [
Depths:1 !   Depths:4 [

Portals:
Hell: Depths:1 Depths:2 Depths:3 Depths:4
Abyss: Lair:5 Depths:3
Pandemonium: Depths:2 Depths:4
Ziggurat: Depths:1

Annotations:
D:12 exclusion: downstairs
Elf:2 5 runed translucent doors, becking's ghost, adept GrGl
Depths:4 6 runed translucent doors

.........#..........# #.###
###......##########.# #....
#......# #.# ##### ######.# #.# #
#.###### #.## #
#.##...#####..##### #
####.##.###...#..#...########
##.##.##.# #.2.#..#...#.......
##...#.##.###.@.#..#...#.######
#..........##...'..#...#.# #
####...#.##.^##...####...#.######
..###.#...#...##'######'##.##....
............##...##..##....##.###
..#####...#................##.###
### ##.#####...##..##..........
..# #.# ##########'#####>### ..#
#†# #...####...# #..##


You could see a reaper.


Message History

(D) Dungeon (T) Temple (L) Lair (A) Shoals (N) Spider Nest (M) Slime Pits (O) Orcish Mines (E) Elven Halls (V) Vaults (C) Crypt (U) Depths (H) Hell (Z) Zot
Where to? (Enter - D:1, ? - help)
There is an open door here.
There is an open door here.
Items here: ))) [[.
There is a stone staircase leading up, spattered with blood here.
You fly upwards.
There is a stone staircase leading down here.
A soul eater comes into view.
Danger!
There is a stone staircase leading up here.
Unknown command.
The soul eater draws from the surrounding life force!
You fly upwards.
There is a stone staircase leading down here.
Unknown command.
(D) Dungeon (T) Temple (L) Lair (A) Shoals (N) Spider Nest (M) Slime Pits (O) Orcish Mines (E) Elven Halls (V) Vaults (C) Crypt (U) Depths (H) Hell (Z) Zot
Where to? (Enter - D:1, ? - help)
There is a stone staircase leading up here.
You fly upwards.
There is a stone staircase leading down here.
A Brimstone Fiend comes into view.
Danger!
The Brimstone Fiend moves out of view.
Danger!
Unknown command.
There is a stone staircase leading up here.
Unknown command.
You fly upwards.
There is a stone staircase leading down here.
Unknown command.
Unknown command.
(D) Dungeon (T) Temple (L) Lair (A) Shoals (N) Spider Nest (M) Slime Pits (O) Orcish Mines (E) Elven Halls (V) Vaults (C) Crypt (U) Depths (H) Hell (Z) Zot
Where to? (Enter - D:1, ? - help)
There is a stone staircase leading up here.
You fly upwards.
There is a stone staircase leading down here.
There is a stone staircase leading up here.
You fly upwards.
There is a stone staircase leading down here.
There is a stone staircase leading up here.
You fly upwards.
There is a stone staircase leading down here.
You see here a +0 dagger {short}.
There is an open door here.
You see here a +0 spear {polearm}.
There is a stone staircase leading up, spattered with blood here.
You fly upwards.
There is a stone staircase leading down here.
A blizzard demon comes into view.
The blizzard demon shouts!
Danger!
You feel a surge of power! Lightning arcs from your hands!
The bolt of lightning hits the blizzard demon!!
The blizzard demon resists.
Unknown command.
You feel a surge of power! Lightning arcs from your hands!
The bolt of lightning hits the blizzard demon!!!
The blizzard demon resists.
You kill the blizzard demon!
Vehumet accepts your kill.
You feel your power returning.
Unknown command.
(D) Dungeon (T) Temple (L) Lair (A) Shoals (N) Spider Nest (M) Slime Pits (O) Orcish Mines (E) Elven Halls (V) Vaults (C) Crypt (U) Depths (H) Hell (Z) Zot
Where to? (Enter - D:1, ? - help)
There is a stone staircase leading up here.
You fly upwards.
There is a stone staircase leading down, spattered with blood here.
Unknown command.
(D) Dungeon (T) Temple (L) Lair (A) Shoals (N) Spider Nest (M) Slime Pits (O) Orcish Mines (E) Elven Halls (V) Vaults (C) Crypt (U) Depths (H) Hell (Z) Zot
Where to? (Enter - D:3, ? - help)
What level of the Dungeon? (default 1, ? - help)
There is a stone staircase leading up here.
You fly upwards.
There is a stone staircase leading down here.
There is a stone staircase leading up here.
You fly upwards.
There is a stone staircase leading down here.
Unknown command.
There is an open door here.
A reaper comes into view.
It is wielding a +1 scythe of protection.
There is a staircase leading out of the dungeon here.
Danger!
Unknown command.
You have escaped!

Skill      XL: |  1  2  3  4  5  6  7  8  9 10 11 12 13 14 15 16 17 18 19 20 21 22 23 24 25 26 27 |
---------------+----------------------------------------------------------------------------------+-----
Spellcasting   | 4 5 6 7 9 11 12 14 16 18 19 21 23 26 27 | 27.0
Conjurations   | 5 6 7 8 9 10 12 14 16 18 20 | 20.0
Hexes          | 2 3 5 7 8 |  8.0
Translocations | 4 |  4.0
Ice Magic      | 3 4 |  4.0
Air Magic      | 2 4 6 9 14 19 20 | 20.0
Fighting       | 2 4 5 8 10 12 14 16 19 20 | 20.9
Dodging        | 4 6 10 17 | 17.0
Stealth        | 3 4 6 |  6.0
Earth Magic    | 4 8 |  8.0
Summonings     | 7 8 |  8.0
Shields        | 1 4 5 |  5.0
Fire Magic     | 9 15 16 17 20 | 20.0
Transmutations | 4 8 |  8.0

Action                     |  1- 3 |  4- 6 |  7- 9 | 10-12 | 13-15 | 16-18 | 19-21 | 22-24 | 25-27 || total
---------------------------+-------+-------+-------+-------+-------+-------+-------+-------+-------++-------
  Melee: Unarmed           |     1 |       |       |       |       |       |       |       |       ||     1
         Hand axe          |       |       |       |     3 |     8 |       |       |       |       ||    11
         Staff             |       |       |       |       |       |     1 |       |       |       ||     1
   Cast: Magic Dart        |    68 |    69 |    41 |   134 |    62 |    18 |       |       |       ||   392
         Searing Ray       |     5 |    19 |    14 |     1 |       |       |       |       |       ||    39
         Fulminant Prism   |       |       |    50 |    64 |    16 |       |       |       |       ||   130
         Iskenderun's Myst |       |       |     5 |    51 |    21 |     7 |     3 |     1 |       ||    88
         Iskenderun's Batt |       |       |     8 |    68 |    23 |    42 |    86 |       |       ||   227
         Freezing Cloud    |       |       |       |    39 |   103 |    66 |       |       |       ||   208
         Iron Shot         |       |       |       |     2 |     4 |    10 |       |       |       ||    16
         Spellforged Servi |       |       |       |       |   115 |   161 |   180 |    36 |     6 ||   498
         Plasma Beam       |       |       |       |       |   108 |   309 |   395 |   183 |       ||   995
         Irradiate         |       |       |       |       |     2 |    26 |       |    14 |       ||    42
         Airstrike         |       |       |       |       |     1 |       |       |       |       ||     1
         Orb of Destructio |       |       |       |       |       |     7 |       |       |       ||     7
         Ignition          |       |       |       |       |       |     3 |    57 |    23 |     3 ||    86
         Chain Lightning   |       |       |       |       |       |       |    18 |   246 |   181 ||   445
         Maxwell's Capacit |       |       |       |       |       |       |     1 |    18 |    31 ||    50
         Statue Form       |       |       |       |       |       |       |       |    73 |    70 ||   143
         Lehudib's Crystal |       |       |       |       |       |       |       |     3 |       ||     3
Ability: End Transformatio |       |       |       |       |       |       |       |     2 |     1 ||     3
  Evoke: Wand              |       |       |       |     1 |       |       |       |       |       ||     1
    Use: Scroll            |       |    14 |     5 |     4 |    10 |     7 |     2 |     6 |     6 ||    54
         Potion            |       |     1 |       |       |       |     4 |       |    17 |     5 ||    27
 Armour: Leather armour    |       |     3 |     4 |       |       |       |       |       |       ||     7
         Robe              |       |       |     3 |    10 |    14 |    33 |     5 |     9 |     2 ||    76
         Skin              |       |       |       |       |       |       |       |    63 |    54 ||   117
  Dodge: Dodged            |     5 |    15 |     9 |    35 |    54 |    39 |    22 |   104 |    64 ||   347
  Block: Buckler           |       |       |       |       |       |    10 |     9 |    35 |    19 ||    73

Levels and vault maps discovered:
D:1:      dpeg_arrival_houses_and_road, layout_loops_corners, minmay_hexomino_u4
D:2:      layout_basic
D:3:      layout_basic, dreamdust_ecumenical_altar_hidden_monk_grotto,
          roderic_lattice_a, dk_noncrumbling_4
D:4:      layout_basic, mainiacjoe_overflow_small_starburst, elyvilon_altar_4,
          portal_sewer_entry_a, kennysheep_donut
D:5:      layout_gridville, minmay_temple_entry_offerings, chequers_big_river
D:6:      layout_basic, chequers_temple_overflow_minitemple,
          nicolae_uskayaw_murder_on_the_dancefloor,
          gammafunk_ghost_nasty_kobolds, minmay_crystal_room,
          nicolae_shop_gadgets
D:7:      layout_basic, pdpol_temple_overflow_zin_treasury_gozag_greed,
          trog_hazing_becter, mainiacjoe_overflow_cross_hatched, enter_bailey_2
D:8:      layout_rooms, general_overflow_altar, hellmonk_ghost_happy_afterlife,
          nicolae_blasting_shop, uniq_prince_ribbit1
D:9:      layout_cave_pools, lair_entry_dummy, minmay_misc_feat_chi
D:10:     layout_long_grid, mainiacjoe_overflow_alcove_4
D:11:     layout_cave_pools, ebering_ghost_inner_flame, evilmike_ruin_ashenzari
D:12:     layout_roguey, hiddenorc1_lemuel, kennysheep_boxes, uniq_erolcha
D:13:     nzn_winding_woodlands_stair_cross [nzn_winding_woodlands_5x15_parted,
          nzn_winding_woodlands_center_lodge,
          nzn_winding_woodlands_5x15_crooked,
          nzn_winding_woodlands_5x5_checkerboard,
          nzn_winding_woodlands_5x5_default,
          nzn_winding_woodlands_5x15_lazy_stream,
          nzn_winding_woodlands_center_pierced_h,
          nzn_winding_woodlands_5x15_garden], layout_loops_cross,
          david_vaults_5, uniq_azrael
D:14:     layout_cave_pods, nicolae_gozag_seed_capital, okawaru_gym_becter,
          uniq_jorgrun
D:15:     gammafunk_depths_entry_grave, layout_loops_corners, minivault_4
Temple:   nicolae_temple_bog_church
Lair:1:   layout_long_grid, grunt_megastairs_3, uniq_maggie
Lair:2:   dreamdust_cave_troll, layout_chaotic_city,
          minmay_shoals_entry_lonely_mermaid, dummy_spider_entry, serial_rivers,
          chequers_serial_rivers_small_b, chequers_serial_rivers_marsh,
          chequers_serial_rivers_large_a, chequers_serial_rivers_micro_e,
          chequers_serial_rivers_marsh
Lair:3:   layout_gridlike, pdpol_lair_cabin_in_the_woods, serial_bayou_shore_a
Lair:4:   layout_gridlike, gammafunk_ghost_necromancy, serial_bayou_shore_b,
          infiniplex_staircase_pool, uniq_josephine
Lair:5:   hellmonk_lair_end_abyssal_woods, layout_misc_corridors,
          minmay_slime_entry_jelly_boxes, uniq_rupert
Shoals:1: layout_shoals, nicolae_shoals_water_elemental_grotto
Shoals:2: layout_shoals
Shoals:3: layout_shoals, nicolae_shoals_mertower
Shoals:4: shoals_end_hellmonk_lost_city, serial_shops
Spider:1: nicolae_spider_jumping_over_cracks
          [nicolae_spider_jumping_sub_shuffled,
          nicolae_spider_jumping_sub_pools, nicolae_spider_jumping_sub_notch,
          nicolae_spider_jumping_sub_stairs], nicolae_spider_nooks_and_crannies,
          uniq_kirke
Spider:2: layout_chambers, nicolae_spider_scorpion_nest, uniq_roxanne
Spider:3: layout_spider_delve
Spider:4: grunt_spider_rune_parallel
Orc:1:    layout_diamond_mine
Orc:2:    grunt_orc_community_town_hall, layout_diamond_mine,
          grunt_orc_community_big_house_2, grunt_orc_community_big_house_1,
          grunt_orc_community_house_1, grunt_orc_community_house_2,
          grunt_orc_community_house_2, grunt_orc_community_house_3,
          grunt_orc_community_house_1
Elf:1:    minmay_elf_arrival_summoners, layout_loops_corners, serial_shops,
          nicolae_shop_dealshenge, hangedman_elven_crosses_minicolossus
Elf:2:    elven_hall_of_blades_hangedman_original [nicolae_blade_lattice],
          layout_loops_corners, serial_shops, shop, shop, shop,
          ebering_ghost_disaster_area, uniq_asterion
Elf:3:    minmay_elf_hall_quartered_circle, layout_geoelf_octagon,
          evilmike_spriggan_trog_shrine
Vaults:1: v_alt_pattern_4, grunt_vaults_hallway_long,
          vaults_mumra_minichess_inversion, nicolae_vaults_bisected_exclaves,
          nicolae_vaults_tetromino_Z_2, vaults_mumra_chevron,
          nicolae_vaults_sesquioval_fish, ontoclasm_vaults_fault,
          nicolae_vaults_sightless_eye, vaults_room_ringed_pool, v_rooms_4,
          nicolae_vaults_network_quinsquares
          [nicolae_vaults_network_quincunx_subvault,
          nicolae_vaults_network_quincunx_subvault,
          nicolae_vaults_network_quincunx_subvault,
          nicolae_vaults_network_quincunx_subvault],
          nicolae_vaults_oval_intersection, layout_vaults_ring, serial_shops,
          nicolae_shop_back_alley_shop
Vaults:2: v_alt_pattern_1, vaults_dpeg_emergency_exit, v_misc_22, v_misc_18,
          vaults_room_fours, hangedman_vaults_restitches, vaults_dpeg_ring,
          v_rooms_6, nicolae_vaults_little_squares_6, layout_vaults_omnigrid,
          uniq_aizul
Vaults:3: ontoclasm_vaults_tryst, hangedman_vaults_hat, v_misc_23,
          ontoclasm_vaults_ligature, v_rooms_4, nicolae_vaults_puzzle_piece,
          nicolae_vaults_closet_pinwheel_5, minmay_crypt_entry_simple_round,
          vaults_room_door_ring, ontoclasm_vaults_shuriken,
          ontoclasm_vaults_bender, hellmonk_guarded_unrand_gong,
          nicolae_vaults_apartment_2, v_misc_5,
          vaults_room_grunt_arrival_ludios, layout_vaults_omnibox, serial_shops,
          nicolae_shop_hallway_plus
Vaults:4: dpeg_vaults_hating_casters, v_misc_14, vaults_room_boxed, v_pattern_1,
          nicolae_vaults_door_testing_chamber, vaults_room_corners,
          nicolae_vaults_little_ls, nicolae_vaults_variable_pillar_hall,
          nicolae_vaults_trapezoid_lopsided_3, vaults_room_fours,
          layout_vaults_big_room
Vaults:5
Depths:1: layout_honeycomb, enter_ziggurat_d, hangedman_geh_valley,
          worldfamousw_hep_ancestral_shrine, minmay_shop_star, uniq_mara
Depths:2: minmay_shoctagon, layout_cave_shapes, rand_demon_pan_entry_5,
          grunt_hell_entry_dis_old, kennysheep_generic_room_2
Depths:3: minmay_the_grid_net [minmay_the_grid_spin_star, minmay_the_grid_empty,
          minmay_the_grid_minigrid_small_alt, minmay_the_grid_expand,
          minmay_the_grid_doors, minmay_the_grid_prize_inner_circle],
          layout_gridlike, nicolae_abyss_entry_one_way_or_another, hell_entry,
          infiniplex_staircase_9_rooms, serial_bayou_shore_b, uniq_vv,
          uniq_margery
Depths:4: evilmike_zot_entry_castle, layout_basic, kennysheep_doodads,
          serial_shops, nicolae_shop_real_fake_doors,
          grunt_pan_entry_in_and_out, pf_hell_entry_tar_spiral, uniq_enchantress
Zot:1:    layout_basic, st_stairs_11, st_large_dragon_hoard_4,
          grunt_megastairs_1
Zot:2:    layout_gridlike
Zot:3:    layout_concentric_octagons, guppyfry_library_mini
Zot:4:    kennysheep_room_grid, layout_basic,
          chequers_guarded_unrand_mask_of_the_dragon
Zot:5:    layout_onion, skrybe_zot_glass_1

Notes
Turn   | Place    | Note
-------+----------+-------------------------------------------
     0 | D:1      | Sobieck the Deep Elf Conjurer began the quest for the Orb.
     0 | D:1      | Reached XP level 1. HP: 10/10 MP: 6/6
   245 | D:1      | Reached XP level 2. HP: 15/15 MP: 4/8
   325 | D:1      | Learned a level 2 spell: Searing Ray
   893 | D:1      | Reached skill level 4 in Spellcasting
   952 | D:1      | Reached skill level 5 in Conjurations
   952 | D:1      | Reached XP level 3. HP: 19/19 MP: 6/10
  1680 | D:2      | You pick up a book of Party Tricks and begin reading...
  1680 | D:2      | You add the spells Apportation and Alistair's Intoxication
                  | to your library.
  1896 | D:2      | Reached XP level 4. HP: 24/24 MP: 9/12
  1901 | D:2      | Learned a level 4 spell: Fulminant Prism
  1906 | D:2      | Learned a level 4 spell: Iskenderun's Mystic Blast
  2534 | D:3      | Found a faded altar of an unknown god.
  2786 | D:3      | Reached skill level 1 in Hexes
  3286 | D:4      | Reached skill level 5 in Spellcasting
  3402 | D:4      | Found a glowing golden altar of the Shining One.
  3472 | D:4      | Found a glowing drain.
  3526 | Sewer    | Entered a sewer
  3679 | Sewer    | Noticed Pargi
  3689 | Sewer    | Killed Pargi
  3690 | Sewer    | Reached skill level 2 in Hexes
  3690 | Sewer    | Reached XP level 5. HP: 26/28 MP: 2/15
  3921 | D:4      | Reached skill level 6 in Conjurations
  3921 | D:4      | Reached skill level 3 in Hexes
  3924 | D:4      | Reached XP level 6. HP: 23/32 MP: 7/16
  4061 | D:4      | Reached skill level 6 in Spellcasting
  4390 | D:3      | Reached skill level 4 in Hexes
  4915 | D:4      | Reached skill level 5 in Hexes
  4915 | D:4      | Reached XP level 7. HP: 36/36 MP: 10/18
  5214 | D:4      | Found a white marble altar of Elyvilon.
  5438 | D:5      | Entered Level 5 of the Dungeon
  5467 | D:5      | Reached skill level 6 in Hexes
  5714 | D:5      | Reached skill level 7 in Spellcasting
  5808 | D:5      | Found a staircase to the Ecumenical Temple.
  5815 | D:5      | Reached skill level 7 in Conjurations
  5925 | D:5      | You pick up a book of Vapours and begin reading...
  5925 | D:5      | You add the spells Poisonous Vapours, Mephitic Cloud and
                  | Freezing Cloud to your library.
  5931 | Temple   | Entered the Ecumenical Temple
  6009 | Temple   | Became a worshipper of Vehumet
  6714 | D:5      | Reached skill level 7 in Hexes
  6714 | D:5      | Reached XP level 8. HP: 36/41 MP: 12/21
  7140 | D:6      | Found a runed translucent gate.
  7140 | D:6      | Found a runed translucent gate.
  7140 | D:6      | Noticed Sykov's ghost (novice DsVM)
  7299 | D:6      | Reached skill level 8 in Hexes
  7299 | D:6      | Reached skill level 1 in Translocations
  7342 | D:6      | Reached skill level 8 in Spellcasting
  7342 | D:6      | Reached skill level 2 in Translocations
  7654 | D:6      | Found a faded altar of an unknown god.
  7654 | D:6      | Found a basalt altar of Yredelemnul.
  7805 | D:6      | Reached skill level 8 in Conjurations
  7805 | D:6      | Reached skill level 3 in Translocations
  8047 | D:6      | You pick up a book of Power and begin reading...
  8047 | D:6      | You add the spells Iskenderun's Battlesphere, Iron Shot and
                  | Spellforged Servitor to your library.
  8077 | D:6      | Learned a level 5 spell: Iskenderun's Battlesphere
  8093 | D:6      | Found Ideven's Gadget Gallery.
  8141 | D:6      | Found a hide-covered altar of Uskayaw.
  8150 | D:6      | Found a runed translucent gate.
  8182 | D:6      | Found a faded altar of an unknown god.
  8184 | D:6      | Found a sacrificial altar of Ru.
  8186 | D:6      | Found a hazy altar of Hepliaklqana.
  8499 | D:7      | Found a shimmering blue altar of Sif Muna.
  8545 | D:7      | Reached skill level 9 in Spellcasting
  8662 | D:7      | Reached skill level 4 in Translocations
  8662 | D:7      | Reached XP level 9. HP: 45/45 MP: 12/24
  8670 | D:7      | Reached skill level 9 in Conjurations
  8925 | D:7      | Learned a level 5 spell: Freezing Cloud
  9291 | D:7      | You add the spells Vhi's Electric Charge, Arcjolt and
                  | Maxwell's Capacitive Coupling to your library.
  9408 | D:7      | Found an opulent altar of Gozag.
  9461 | D:7      | Found a bloodstained altar of Trog.
  9465 | D:7      | Reached * piety under Vehumet
  9465 | D:7      | Offered knowledge of Freeze by Vehumet.
  9621 | D:7      | Identified the +0 hand axe "Reryext" {drain, Will+}
  9788 | D:7      | Found a glowing silver altar of Zin.
 10041 | D:8      | Found Vurchiqir's Demolitions Depot.
 10117 | D:8      | You pick up a book of Iron and begin reading...
 10117 | D:8      | You add the spells Animate Armour and Blade Hands to your
                  | library.
 10180 | D:8      | Reached skill level 1 in Ice Magic
 10180 | D:8      | Reached skill level 1 in Air Magic
 10185 | D:8      | Reached skill level 1 in Fighting
 10185 | D:8      | Reached skill level 3 in Dodging
 10185 | D:8      | Reached skill level 3 in Stealth
 10297 | D:8      | Reached skill level 2 in Ice Magic
 10462 | D:8      | Found a snail-covered altar of Cheibriados.
 10530 | D:8      | Noticed Prince Ribbit
 10543 | D:8      | Killed Prince Ribbit
 10544 | D:8      | Reached skill level 2 in Air Magic
 10690 | D:8      | Found a runed translucent door.
 10690 | D:8      | Noticed tmbigdog's ghost (novice HOFi)
 10692 | D:8      | Identified the +2 leather armour of Limited Liability {rN+
                  | rCorr Stlth+}
 10697 | D:8      | Reached skill level 2 in Fighting
 10697 | D:8      | Reached skill level 4 in Dodging
 10813 | D:8      | Noticed a five-headed hydra
 10843 | D:8      | Killed a five-headed hydra
 10844 | D:8      | Reached skill level 3 in Ice Magic
 10844 | D:8      | Reached XP level 10. HP: 54/54 MP: 11/25
 10865 | D:8      | Reached skill level 10 in Conjurations
 10959 | D:8      | Reached skill level 3 in Air Magic
 11295 | D:9      | Reached skill level 10 in Spellcasting
 11611 | D:9      | Reached skill level 5 in Dodging
 11622 | D:9      | Reached skill level 4 in Ice Magic
 11747 | D:9      | Found a staircase to the Lair.
 12120 | D:10     | Entered Level 10 of the Dungeon
 12125 | D:10     | Reached skill level 3 in Fighting
 12469 | D:10     | Reached skill level 4 in Air Magic
 12483 | D:10     | Reached skill level 6 in Dodging
 12794 | D:10     | Reached ** piety under Vehumet
 12794 | D:10     | Offered knowledge of Shock by Vehumet.
 12900 | D:10     | Reached skill level 11 in Spellcasting
 13025 | D:10     | Reached skill level 4 in Fighting
 13036 | D:10     | Reached XP level 11. HP: 61/61 MP: 5/28
 13435 | D:10     | Found a shimmering altar of Xom.
 13745 | D:11     | Reached skill level 7 in Dodging
 13745 | D:11     | Reached skill level 11 in Conjurations
 13888 | D:11     | Noticed a two-headed ogre
 14042 | D:11     | Killed a two-headed ogre
 14043 | D:11     | Reached skill level 8 in Dodging
 14043 | D:11     | Reached skill level 12 in Spellcasting
 14092 | D:11     | Offered knowledge of Frozen Ramparts by Vehumet.
 14258 | D:11     | Found a runed translucent door.
 14258 | D:11     | Noticed a centaur warrior
 14259 | D:11     | Noticed DadFather's ghost (journeyman CeHu)
 14330 | D:11     | Found a broken altar of Ashenzari.
 14499 | D:11     | Noticed a two-headed ogre
 14511 | D:11     | Killed a two-headed ogre
 14840 | D:12     | Reached *** piety under Vehumet
 14841 | D:12     | Reached skill level 9 in Dodging
 14841 | D:12     | Reached skill level 12 in Conjurations
 15052 | D:12     | Learned a level 6 spell: Iron Shot
 15106 | D:12     | Found a staircase to the Orcish Mines.
 15123 | D:12     | Noticed Erolcha
 15134 | D:12     | Killed Erolcha
 15135 | D:12     | Reached skill level 10 in Dodging
 15135 | D:12     | Reached skill level 2 in Earth Magic
 15377 | D:12     | Offered knowledge of Volatile Blastmotes by Vehumet.
 15411 | D:12     | Reached skill level 3 in Earth Magic
 15463 | D:12     | Reached skill level 4 in Earth Magic
 15975 | D:12     | Reached XP level 12. HP: 63/66 MP: 22/30
 16115 | D:12     | You pick up a book of Decay and begin reading...
 16115 | D:12     | You add the spells Cigotuvi's Dreadful Rot, Dispel Undead
                  | and Death Channel to your library.
 16496 | Lair:1   | Entered Level 1 of the Lair of Beasts
 16496 | Lair:1   | Noticed Maggie
 16501 | Lair:1   | Killed Maggie
 16502 | Lair:1   | Reached skill level 13 in Conjurations
 17569 | Lair:2   | Reached skill level 14 in Conjurations
 17578 | Lair:2   | Reached **** piety under Vehumet
 17579 | Lair:2   | Reached skill level 13 in Spellcasting
 17714 | Lair:1   | Learned a level 7 spell: Spellforged Servitor
 17723 | Lair:2   | Reached skill level 1 in Summonings
 17813 | Lair:2   | Found a hole to the Spider Nest.
 17865 | Lair:2   | Found a staircase to the Shoals.
 17970 | Lair:2   | Reached skill level 2 in Summonings
 18124 | Lair:2   | Reached skill level 3 in Summonings
 18333 | Lair:2   | Identified the +0 helmet of the Fifty Xeniums {Int+2}
 18453 | Lair:2   | Reached skill level 14 in Spellcasting
 18453 | Lair:2   | Reached skill level 4 in Summonings
 19095 | Lair:3   | Reached skill level 5 in Summonings
 19145 | Lair:3   | Noticed a catoblepas
 19154 | Lair:3   | Killed a catoblepas
 19155 | Lair:3   | Reached skill level 6 in Summonings
 19669 | Lair:3   | Offered knowledge of Airstrike by Vehumet.
 19670 | Lair:3   | Reached skill level 7 in Summonings
 19676 | Lair:3   | Learned a level 4 spell: Airstrike
 19750 | Lair:3   | Reached XP level 13. HP: 70/70 MP: 28/33
 20182 | Lair:3   | Found a runed translucent door.
 20587 | Lair:4   | Noticed Josephine
 20692 | Lair:4   | Killed Josephine
 20693 | Lair:4   | Reached skill level 8 in Summonings
 21022 | Lair:4   | Found a runed translucent gate.
 21022 | Lair:4   | Found a runed translucent gate.
 21022 | Lair:4   | Found a runed translucent gate.
 21023 | Lair:4   | Noticed Vadun's ghost (journeyman TrMo)
 21144 | Lair:4   | Reached skill level 15 in Conjurations
 21646 | Lair:4   | Identified the +8 battleaxe of Asebig {protect, rElec rN+
                  | Will-}
 21905 | Lair:5   | Entered Level 5 of the Lair of Beasts
 21934 | Lair:5   | Reached skill level 15 in Spellcasting
 22030 | Lair:5   | Reached ***** piety under Vehumet
 22030 | Lair:5   | Offered knowledge of Ozocubu's Refrigeration by Vehumet.
 22169 | Lair:5   | Found a staircase to the Slime Pits.
 22170 | Lair:5   | Found a viscous altar of Jiyva.
 22389 | Lair:5   | Reached skill level 16 in Conjurations
 22390 | Lair:5   | Noticed Rupert
 22397 | Lair:5   | Killed Rupert
 22398 | Lair:5   | Reached skill level 16 in Spellcasting
 22469 | Lair:5   | a +4 triple sword of holy wrath {longrare=g}; a +0 leather
                  | armour
 22516 | Lair:5   | a +4 triple sword of holy wrath {longrare=g}; a +0 leather
                  | armour
 22537 | Lair:5   | a +4 triple sword of holy wrath {longrare=g}; a +0 leather
                  | armour
 22665 | Lair:5   | a +4 triple sword of holy wrath {longrare=g}; a +0 leather
                  | armour
 22665 | Lair:5   | a +4 triple sword of holy wrath {longrare=g}; a +0 leather
                  | armour
 22665 | Lair:5   | Could not pick up a +4 triple sword of holy wrath
                  | {longrare=g} here; ([A]lways) ignore it?
 22944 | Lair:5   | Reached skill level 1 in Shields
 23022 | Lair:5   | Reached XP level 14. HP: 76/76 MP: 34/36
 23046 | Lair:5   | Offered knowledge of Plasma Beam by Vehumet.
 23047 | Lair:5   | Reached skill level 5 in Fighting
 23055 | Lair:5   | Learned a level 6 spell: Plasma Beam
 23119 | Lair:5   | Reached skill level 2 in Shields
 23119 | Lair:5   | Reached skill level 1 in Fire Magic
 23269 | Lair:5   | Reached skill level 2 in Fire Magic
 23466 | Lair:5   | Reached skill level 3 in Fire Magic
 23468 | Lair:5   | Reached skill level 3 in Shields
 23710 | Lair:5   | Reached skill level 4 in Fire Magic
 23840 | Lair:5   | Found a corrupted altar of Lugonu.
 23840 | Lair:5   | Found a one-way gate to the infinite horrors of the Abyss.
 24195 | Orc:1    | Entered Level 1 of the Orcish Mines
 24243 | Orc:2    | Entered Level 2 of the Orcish Mines
 24270 | Orc:2    | Reached skill level 4 in Shields
 24517 | Orc:1    | Reached skill level 5 in Fire Magic
 25209 | Orc:2    | Reached skill level 6 in Fire Magic
 25633 | Orc:1    | Noticed an orc warlord
 25649 | Orc:2    | Killed an orc warlord
 25653 | Orc:2    | Reached skill level 5 in Air Magic
 25668 | Orc:2    | Found a staircase to the Elven Halls.
 25808 | Orc:1    | HP: 13/78 [ogre/+0 giant club (30)]
 26469 | Orc:2    | Reached skill level 6 in Air Magic
 26534 | Orc:2    | Found Keed's Armour Emporium.
 26740 | Orc:2    | Offered knowledge of Irradiate by Vehumet.
 26748 | Orc:2    | Learned a level 5 spell: Irradiate
 26831 | Orc:2    | Reached skill level 1 in Transmutations
 26926 | Orc:2    | Found Agipsa's Book Emporium.
 27043 | Orc:2    | Noticed an orc warlord
 27054 | Orc:2    | Killed an orc warlord
 27055 | Orc:2    | Reached skill level 2 in Transmutations
 27282 | Orc:2    | Found Sathriny's Antique Weapon Boutique.
 27283 | Orc:2    | Found Ryllolap's Antique Armour Shop.
 27635 | Orc:2    | Bought a transparent robe for 193 gold pieces
 27635 | Orc:2    | Identified the +1 robe of Silly Creativity {-Tele Str+4
                  | Stlth+} (You bought it in a shop on level 2 of the Orcish
                  | Mines)
 27635 | Orc:2    | Bought an ichor-stained robe for 193 gold pieces
 27635 | Orc:2    | Identified the +2 robe of Vyssappe {rPois Int+6 Slay-5}
                  | (You bought it in a shop on level 2 of the Orcish Mines)
 27789 | D:13     | Reached skill level 3 in Transmutations
 27789 | D:13     | Reached skill level 7 in Fire Magic
 28124 | D:13     | Reached skill level 4 in Transmutations
 28370 | D:13     | Noticed Azrael
 28516 | D:13     | Reached skill level 8 in Fire Magic
 28534 | D:13     | Reached skill level 9 in Fire Magic
 28535 | D:13     | Killed Azrael
 28654 | D:13     | You pick up a book of Hexes and begin reading...
 28654 | D:13     | You add the spells Anguish, Cause Fear and Enfeeble to your
                  | library.
 28688 | D:13     | Reached XP level 15. HP: 82/82 MP: 37/37
 28794 | D:13     | Reached skill level 10 in Fire Magic
 29198 | D:13     | Found a gate to the Vaults.
 29490 | D:13     | Reached ****** piety under Vehumet
 29753 | D:13     | Reached skill level 11 in Fire Magic
 30402 | D:14     | Found an opulent altar of Gozag.
 30523 | D:14     | Noticed Jorgrun
 30525 | D:14     | Killed Jorgrun
 30658 | D:14     | Reached skill level 12 in Fire Magic
 31044 | D:14     | Identified the +2 helmet of the Slorg {Harm rC++ Dex-4}
 31049 | D:14     | Found an iron altar of Okawaru.
 31540 | D:15     | Entered Level 15 of the Dungeon
 31543 | D:15     | Reached skill level 13 in Fire Magic
 31731 | D:15     | You pick up a book of Misfortune and begin reading...
 31731 | D:15     | You add the spells Inner Flame and Yara's Violent
                  | Unravelling to your library.
 31824 | D:15     | Offered knowledge of Fireball by Vehumet.
 31964 | D:15     | Found a staircase to the Depths.
 31988 | D:15     | Reached skill level 14 in Fire Magic
 32655 | D:15     | Reached skill level 15 in Fire Magic
 33751 | Spider:1 | Entered Level 1 of the Spider Nest
 33755 | Spider:1 | Reached XP level 16. HP: 87/87 MP: 36/38
 34081 | Orc:2    | Bought a +2 helmet of intelligence for 387 gold pieces
 34081 | Orc:2    | Bought the +2 buckler of Lilacs {Fly rPois Will+ Slay+5}
                  | for 979 gold pieces
 34286 | Spider:1 | You pick up a book of Conjurations {@e2} and begin
                  | reading...
 34857 | Spider:1 | Reached skill level 16 in Fire Magic
 34875 | Spider:1 | Reached skill level 5 in Shields
 35085 | Spider:1 | Reached skill level 4 in Stealth
 35108 | Spider:1 | You pick up a book of Transfigurations {@e2} and begin
                  | reading...
 35430 | Spider:1 | Offered knowledge of Starburst by Vehumet.
 35519 | Spider:1 | Identified a scroll of acquirement
 35520 | Spider:1 | Acquired the staff of fire "Datz" {rF+ Str+4}
 35715 | Spider:1 | Noticed Kirke
 35719 | Spider:1 | Killed Kirke
 36062 | Spider:2 | Reached skill level 17 in Conjurations
 36332 | Spider:2 | Reached skill level 17 in Spellcasting
 36772 | Spider:2 | You pick up a book of Dangerous Friends and begin
                  | reading...
 36772 | Spider:2 | You add the spells Summon Guardian Golem and Orb of
                  | Destruction to your library.
 36791 | Spider:1 | Learned a level 7 spell: Orb of Destruction
 37011 | Spider:2 | Noticed Roxanne
 37765 | Spider:2 | Killed Roxanne
 37817 | Spider:2 | You pick up a book of the Earth and begin reading...
 37817 | Spider:2 | You add the spells Leda's Liquefaction, Lee's Rapid
                  | Deconstruction and Statue Form to your library.
 37993 | Spider:3 | Reached skill level 18 in Spellcasting
 37996 | Spider:3 | Reached skill level 18 in Conjurations
 38146 | Spider:3 | Reached XP level 17. HP: 92/92 MP: 11/41
 38353 | Spider:3 | Offered knowledge of Conjure Ball Lightning by Vehumet.
 39213 | Spider:4 | Entered Level 4 of the Spider Nest
 40025 | Spider:4 | Reached skill level 19 in Conjurations
 40166 | Spider:4 | You pick up a book of Lightning and begin reading...
 41330 | Spider:4 | Got a gossamer rune of Zot
 41331 | Spider:4 | Identified the +1 pair of gloves of Popy {rPois rC+}
 41741 | Elf:1    | Entered Level 1 of the Elven Halls
 41747 | Elf:1    | Reached skill level 20 in Conjurations
 41919 | Elf:1    | Reached skill level 6 in Fighting
 42556 | Elf:1    | Found Nokkolae's Antique Armour Emporium.
 42583 | Elf:1    | Offered knowledge of Ignition by Vehumet.
 42597 | Elf:1    | Reached skill level 7 in Fighting
 42672 | Elf:1    | Learned a level 8 spell: Ignition
 43211 | Elf:1    | Reached skill level 8 in Fighting
 43707 | Elf:1    | Acquired the staff of conjuration "Taenexe" {Will++ Str+2
                  | Int+3 Dex-3}
 44111 | Elf:2    | Reached skill level 17 in Fire Magic
 44210 | Elf:2    | Reached XP level 18. HP: 103/103 MP: 42/42
 44527 | Elf:2    | Found a large runed translucent door.
 44527 | Elf:2    | Found a large runed translucent door.
 44529 | Elf:2    | Noticed becking's ghost (adept GrGl)
 44559 | Elf:2    | Paralysed by an air elemental for 1 turns
 44742 | Elf:2    | Found Vaiwn's Antique Armour Emporium.
 44744 | Elf:2    | Found Qihiompi's Assorted Antiques.
 44912 | Elf:2    | Reached skill level 18 in Fire Magic
 44976 | Elf:2    | Noticed Asterion
 44978 | Elf:2    | Killed Asterion
 45354 | Elf:2    | Found a runed translucent gate.
 45354 | Elf:2    | Found a runed translucent gate.
 45357 | Elf:2    | Found a runed translucent gate.
 45393 | Elf:2    | Found Xoraz's Weapon Boutique.
 45696 | Elf:3    | Entered Level 3 of the Elven Halls
 46329 | Elf:3    | You pick up a book of Power and begin reading...
 46454 | Elf:3    | Reached skill level 19 in Fire Magic
 46817 | Elf:3    | Identified the +10 long sword "Ogrebane" {flame, Fly rF+
                  | Will- Dex+2}
 47043 | Elf:3    | Identified the +3 trident "Jelly's Funeral" {freeze, rC+}
 47271 | Elf:3    | Identified the +11 hand axe "Qoinuez" {drain, rElec rPois
                  | Int+2 Dex-3}
 47271 | Elf:3    | Identified the +2 leather armour of the Cartwright {+Inv
                  | rN++ Will+ Int-5}
 47271 | Elf:3    | Identified the ring of Ythrangoce {rPois rF+ Will+ Str+6}
 47272 | Elf:3    | Offered knowledge of Lehudib's Crystal Spear by Vehumet.
 47272 | Elf:3    | Offered knowledge of Chain Lightning by Vehumet.
 47272 | Elf:3    | Offered knowledge of Polar Vortex by Vehumet.
 47273 | Elf:3    | Reached skill level 20 in Fire Magic
 47355 | Elf:3    | a deep elf sorcerer comes into view. It is wielding the +9
                  | staff of Olgreb {rPois∞}.
 47357 | Elf:3    | Reached skill level 7 in Air Magic
 47511 | Elf:3    | Identified the +5 rapier of the Viper {vamp, rPois Dex+3}
 47515 | Elf:3    | Reached skill level 8 in Air Magic
 47656 | Elf:3    | Identified the +4 broad axe of the Eleven Places {freeze,
                  | Str+5 Stlth+}
 47747 | Elf:3    | Paralysed by an air elemental for 1 turns
 47834 | Elf:3    | You add the spells Olgreb's Toxic Radiance and Discord to
                  | your library.
 47838 | Elf:3    | You pick up a book of Changes and begin reading...
 47838 | Elf:3    | You add the spells Beastly Appendage, Wereblood and Spider
                  | Form to your library.
 47843 | Elf:3    | Identified the staff of air "Seameyfuy" {rElec Will++}
 47876 | Elf:3    | Identified the +2 longbow of the First Underlurkers {heavy,
                  | rElec rC++ Str-4 Int+3}
 48030 | Elf:3    | Reached skill level 9 in Air Magic
 48215 | Elf:3    | Found a bloodstained altar of Trog.
 48506 | Shoals:1 | Entered Level 1 of the Shoals
 48508 | Shoals:1 | Reached XP level 19. HP: 107/107 MP: 43/43
 48723 | Shoals:1 | Reached skill level 10 in Air Magic
 49757 | Shoals:2 | You pick up a book of Storms and begin reading...
 49757 | Shoals:2 | You add the spells Static Discharge and Summon Lightning
                  | Spire to your library.
 50229 | Shoals:2 | Identified the +0 cloak of Wu Jian's Regard {rC+ Int+4}
 50779 | Shoals:3 | Reached skill level 11 in Air Magic
 51667 | Shoals:4 | Entered Level 4 of the Shoals
 51670 | Shoals:4 | Reached skill level 19 in Spellcasting
 51863 | Shoals:4 | Reached skill level 12 in Air Magic
 52000 | Shoals:4 | Reached skill level 13 in Air Magic
 52318 | Shoals:4 | You add the spells Malign Gateway and Summon Horrible
                  | Things to your library.
 52461 | Shoals:4 | Identified the ring "Gyrph" {Fly rF+ Str+5}
 52487 | Shoals:4 | Got a barnacled rune of Zot
 52504 | Shoals:4 | Identified the staff of air "Gyoloopt" {rElec rF+ rC- rN+
                  | Dex+2}
 52513 | Shoals:4 | Identified the ring of Fohic {+Blink EV+5 Slay+3}
 53072 | Vaults:1 | Entered Level 1 of the Vaults
 53272 | Vaults:1 | Reached skill level 14 in Air Magic
 53526 | Vaults:1 | Found Xokhlecoe's Magic Scroll Boutique.
 53648 | Vaults:1 | Reached XP level 20. HP: 112/112 MP: 34/45
 53948 | Vaults:1 | You pick up a book of Iron and begin reading...
 54015 | Vaults:1 | Reached skill level 15 in Air Magic
 54690 | Vaults:1 | Reached skill level 16 in Air Magic
 55175 | Vaults:2 | Noticed Aizul
 55177 | Vaults:2 | Killed Aizul
 55299 | Vaults:2 | Reached skill level 17 in Air Magic
 56144 | Vaults:2 | Reached skill level 18 in Air Magic
 56420 | Vaults:2 | Learned a level 9 spell: Chain Lightning
 57194 | Vaults:3 | Reached skill level 19 in Air Magic
 57194 | Vaults:3 | Reached XP level 21. HP: 94/117 MP: 46/46
 57567 | Vaults:3 | You pick up a book of Fire and begin reading...
 57567 | Vaults:3 | You add the spells Foxfire, Fireball and Starburst to your
                  | library.
 57709 | Vaults:3 | You pick up a book of Hexes and begin reading...
 57800 | Vaults:3 | Found a staircase to the Crypt.
 58007 | Vaults:3 | Found Igeulume's Antique Armour Emporium.
 58343 | Vaults:3 | Found the +18 shield of the Gong {Loud rN+ Will+ rCorr
                  | EV-5}
 59139 | Vaults:4 | Reached skill level 20 in Air Magic
 59352 | Vaults:4 | Learned a level 8 spell: Maxwell's Capacitive Coupling
 59431 | Vaults:4 | Reached skill level 9 in Fighting
 59479 | Vaults:4 | +0 shadow dragon scales {rare}; a shadow dragon corpse
 59654 | Vaults:4 | Reached skill level 20 in Spellcasting
 60100 | Vaults:4 | Could not pick up +0 shadow dragon scales {rare} here;
                  | ([A]lways) ignore it?
 60403 | Depths:1 | Entered Level 1 of the Depths
 60615 | Depths:1 | Noticed Mara
 60627 | Depths:1 | Killed Mara
 60763 | Depths:1 | Found a one-way gateway to a ziggurat.
 60966 | Depths:1 | Noticed a golden dragon
 60968 | Depths:1 | a golden dragon changed into a caustic shrike
 60968 | Depths:1 | Noticed a caustic shrike (glowing shapeshifter)
 60969 | Depths:1 | Killed a caustic shrike
 60970 | Depths:1 | Reached skill level 10 in Fighting
 61108 | Depths:1 | Reached skill level 21 in Spellcasting
 61540 | Depths:1 | Got the Papyrus of Stones and Degeneration {@e2}
 61610 | Depths:1 | Found a gateway to Hell.
 61649 | Depths:1 | Found Joixerot's Distillery.
 61695 | Depths:1 | Bought a potion of brilliance for 68 gold pieces
 61695 | Depths:1 | Bought a potion of resistance for 170 gold pieces
 61695 | Depths:1 | Bought a potion of cancellation for 136 gold pieces
 62005 | Depths:1 | Reached XP level 22. HP: 104/127 MP: 36/49
 62421 | Depths:1 | Found a hazy altar of Hepliaklqana.
 62561 | Depths:2 | Reached skill level 22 in Spellcasting
 62939 | Depths:2 | Reached skill level 11 in Fighting
 63180 | Depths:2 | You pick up a book of the Sky and begin reading...
 63183 | Depths:2 | You pick up a book of the Sky and begin reading...
 63429 | Depths:2 | Found a one-way gate leading to the halls of Pandemonium.
 63646 | Depths:2 | Could not pick up the +6 quick blade "Saghorid" {elec,
                  | Dex+3, shortrare=g} here; ([A]lways) ignore it?
 63902 | Depths:2 | Could not pick up a +4 quick blade {shortrare=g} here;
                  | ([A]lways) ignore it?
 64297 | Depths:3 | Reached skill level 5 in Earth Magic
 64298 | Depths:3 | Reached skill level 5 in Transmutations
 64462 | Depths:2 | Learned a level 6 spell: Statue Form
 64524 | Depths:3 | Noticed a golden dragon
 64525 | Depths:3 | Reached skill level 6 in Transmutations
 64525 | Depths:3 | Reached skill level 6 in Earth Magic
 64571 | Depths:3 | Killed a golden dragon
 64571 | Depths:3 | HP: 36/171 [deep troll earth mage/Lee's Rapid
                  | Deconstruction (25)]
 64572 | Depths:3 | HP: 6/171 [deep troll earth mage/Lee's Rapid Deconstruction
                  | (31)]
 64974 | Depths:3 | Noticed a juggernaut
 64977 | Depths:3 | Killed a juggernaut
 65120 | Depths:2 | Learned a level 8 spell: Lehudib's Crystal Spear
 65227 | Depths:3 | Reached skill level 12 in Fighting
 65418 | Depths:3 | Reached skill level 7 in Transmutations
 65430 | Depths:3 | Reached skill level 7 in Earth Magic
 65486 | Depths:3 | Identified the ring of Akhlih {rF+ Dex+5}
 65548 | Depths:3 | You pick up a book of Transfigurations {@e2} and begin
                  | reading...
 65794 | Depths:3 | Noticed Vv
 65805 | Depths:3 | Killed Vv
 66330 | Depths:3 | Reached skill level 8 in Transmutations
 66362 | Depths:3 | Reached skill level 8 in Earth Magic
 66418 | Depths:3 | Noticed Louise
 66422 | Depths:3 | Killed Louise
 66723 | Depths:4 | Entered Level 4 of the Depths
 66936 | Depths:4 | the Enchantress comes into view. She is wielding a +4
                  | rapier of draining, wearing the +7 faerie dragon scales
                  | {Fly rF++ rN+++ rCorr Str-4} and wearing a +0 buckler of
                  | fire resistance.
 66936 | Depths:4 | Noticed the Enchantress
 66940 | Depths:4 | Killed the Enchantress
 66941 | Depths:4 | Reached skill level 23 in Spellcasting
 66941 | Depths:4 | Reached XP level 23. HP: 136/136 MP: 23/52
 67270 | Depths:4 | You pick up a book of Burglary and begin reading...
 67270 | Depths:4 | You add the spells Passwall, Ensorcelled Hibernation and
                  | Swiftness to your library.
 67291 | Depths:3 | Learned a level 3 spell: Swiftness
 67364 | Depths:4 | Found Retio's Antique Armour Boutique.
 67390 | Depths:4 | Could not pick up a +3 quick blade of electrocution
                  | {shortrare=g} here; ([A]lways) ignore it?
 67548 | Depths:4 | Reached skill level 24 in Spellcasting
 67995 | Depths:4 | Found a runed translucent door.
 68008 | Depths:4 | Found a runed translucent door.
 68080 | Depths:4 | Found a runed translucent door.
 68087 | Depths:4 | Found a runed translucent door.
 68088 | Depths:4 | Found a runed translucent door.
 68141 | Depths:4 | Reached skill level 13 in Fighting
 68213 | Depths:4 | Found a runed translucent door.
 68257 | Depths:4 | Found a gate to the Realm of Zot.
 68325 | Depths:4 | Could not pick up +0 storm dragon scales {rare} here;
                  | ([A]lways) ignore it?
 68913 | Vaults:5 | Entered Level 5 of the Vaults
 68916 | Vaults:5 | Reached skill level 14 in Fighting
 69043 | Vaults:5 | HP: 24/184 [golden dragon (24)]
 69046 | Vaults:4 | HP: 10/184 [titan/the air (14)]
 69067 | Vaults:4 | +0 storm dragon scales {rare}; a golden dragon corpse
 69229 | Vaults:4 | +0 storm dragon scales {rare}; a golden dragon corpse
 69260 | Vaults:5 | Identified the +1 leather armour of the Frog {rElec}
 69261 | Vaults:5 | Reached skill level 25 in Spellcasting
 69276 | Vaults:4 | +0 storm dragon scales {rare}; a golden dragon skeleton
 69581 | Vaults:5 | Identified +0 gold dragon scales
 69797 | Vaults:5 | Reached skill level 26 in Spellcasting
 69801 | Vaults:5 | Reached XP level 24. HP: 135/148 MP: 34/55
 70042 | Vaults:5 | K - +0 gold dragon scales {rare}
 70478 | Vaults:5 | Identified the +0 ring mail "Qaumoac" {Rampage rElec Will-
                  | Int-4}
 70480 | Vaults:5 | Identified the ring "Pam Senn" {Fly rF+ Stlth+}
 70482 | Vaults:5 | You drop +0 gold dragon scales {rare}.
 70483 | Vaults:5 | +0 gold dragon scales {rare}; a ring of protection from
                  | cold
 70487 | Vaults:5 | Identified the +8 shortbow of Taifuow {freeze, Fly Dex+2}
 70489 | Vaults:5 | Identified the staff of death "Kynaroex" {+Blink rPois rN+
                  | MP-9 Str+5}
 70492 | Vaults:5 | Identified the +3 flail "Upsoy" {vamp, Int+5}
 70498 | Vaults:5 | Identified the staff of earth "Xibriafi" {rElec}
 70507 | Vaults:5 | Identified the +9 morningstar of Death's Door {elec, rPois
                  | rF- rC++}
 70577 | Vaults:5 | Reached skill level 27 in Spellcasting
 70789 | Vaults:5 | Got a silver rune of Zot
 71061 | Vaults:5 | Reached skill level 5 in Stealth
 71534 | D:6      | Killed Sykov's ghost
 71622 | D:8      | Killed tmbigdog's ghost
 71699 | D:11     | Killed DadFather's ghost
 71895 | Lair:3   | Reached skill level 6 in Stealth
 71949 | Lair:4   | Killed Vadun's ghost
 72399 | Zot:1    | Entered Level 1 of the Realm of Zot
 72470 | Zot:1    | Reached skill level 11 in Dodging
 72934 | Elf:2    | Bought a wand of digging (7) for 1146 gold pieces
 72934 | Elf:2    | Bought a potion of cancellation for 312 gold pieces
 73323 | Zot:1    | Reached skill level 12 in Dodging
 73475 | Zot:1    | +0 shadow dragon scales {rare}; a shadow dragon corpse
 73548 | Zot:1    | Noticed a curse toe
 73550 | Zot:1    | Killed a curse toe
 73608 | Zot:1    | quicksilver dragon scales {rare}; a quicksilver dragon
                  | corpse
 73687 | Zot:1    | Reached skill level 13 in Dodging
 73811 | Zot:1    | You are sucked into a shaft and drop 1 floor!
 73978 | Zot:1    | Could not pick up quicksilver dragon scales {rare} here;
                  | ([A]lways) ignore it?
 74404 | Zot:1    | Identified the ring "Wioc" {rPois rC+ rCorr Str+3}
 74431 | Zot:1    | +0 shadow dragon scales {rare}; a shadow dragon corpse
 74448 | Zot:1    | +0 shadow dragon scales {rare}; a shadow dragon corpse
 74469 | Zot:1    | Reached skill level 14 in Dodging
 74485 | Zot:1    | Reached skill level 15 in Dodging
 74771 | Zot:1    | You pick up a book of Air and begin reading...
 74786 | Zot:1    | Got Huetur's Parchment of Hazy Execration {@e2}
 75090 | Zot:2    | Reached skill level 16 in Dodging
 75445 | Zot:2    | Noticed an electric golem
 75448 | Zot:2    | Killed an electric golem
 75528 | Zot:2    | Noticed an electric golem
 75531 | Zot:2    | Killed an electric golem
 75532 | Zot:2    | Reached skill level 17 in Dodging
 75903 | Zot:2    | Identified +0 gold dragon scales
 76079 | Zot:2    | Noticed an electric golem
 76088 | Zot:2    | Killed an electric golem
 76171 | Zot:2    | You pick up a book of Decay and begin reading...
 76301 | Zot:2    | Reached XP level 25. HP: 153/153 MP: 56/56
 76388 | Zot:2    | Could not pick up +0 gold dragon scales {rare} here;
                  | ([A]lways) ignore it?
 76725 | Zot:3    | Identified +0 gold dragon scales
 76726 | Zot:3    | Reached skill level 15 in Fighting
 76743 | Zot:3    | +0 gold dragon scales {rare}; a +5 scimitar {long}
 76752 | Zot:3    | +0 gold dragon scales {rare}; a +5 scimitar {long}
 76804 | Zot:3    | +0 gold dragon scales {rare}; a +5 scimitar {long}
 77044 | Zot:3    | Noticed a curse toe
 77047 | Zot:3    | Killed a curse toe
 77488 | Zot:3    | Identified the +1 falchion of Contradiction {vamp, Will+}
 78375 | Zot:4    | Reached skill level 16 in Fighting
 78534 | Zot:4    | Got the Collected Works on Malediction
 78569 | Zot:4    | a yellow draconian comes into view. It is wielding the +5
                  | demon whip "Spellbinder" {antimagic, disrupt, Will+}.
 78598 | Zot:4    | Identified a potion of experience
 78603 | Zot:4    | Reached XP level 26. HP: 164/164 MP: 56/56
 78709 | Zot:4    | Found a transporter.
 79039 | Zot:4    | Reached skill level 17 in Fighting
 79567 | Zot:4    | Identified +0 gold dragon scales
 79831 | Zot:4    | Found the +0 mask of the Dragon {Will+ Slay+3 SInv}
 79912 | Zot:4    | +0 storm dragon scales {rare}; a storm dragon skeleton
 79916 | Zot:4    | Found a transporter.
 80157 | Zot:5    | Entered Level 5 of the Realm of Zot
 80159 | Zot:5    | Identified +0 gold dragon scales
 80168 | Zot:5    | Reached skill level 18 in Fighting
 80822 | Zot:5    | Noticed a dread lich
 80825 | Zot:5    | Killed a dread lich
 80938 | Zot:5    | Noticed a dread lich
 80940 | Zot:5    | Killed a dread lich
 81106 | Zot:5    | Noticed an orb of fire
 81279 | Zot:5    | Reached skill level 19 in Fighting
 82610 | Zot:5    | Noticed an electric golem
 82613 | Zot:5    | Killed an electric golem
 82633 | Zot:5    | Noticed a dread lich
 82636 | Zot:5    | Killed a dread lich
 82707 | Zot:5    | Noticed an orb of fire
 82710 | Zot:5    | Gained mutation: Your magical capacity is low. (-10% MP)
                  | [an orb of fire]
 82711 | Zot:5    | Killed an orb of fire
 82804 | Zot:5    | Noticed an orb of fire
 82808 | Zot:5    | Killed an orb of fire
 82809 | Zot:5    | Reached XP level 27. HP: 177/177 MP: 50/50
 82874 | Zot:5    | Gained mutation: You occasionally lose the ability to drink
                  | potions when taking damage. [an orb of fire]
 82876 | Zot:5    | Killed an orb of fire
 83007 | Zot:5    | Noticed an orb of fire
 83010 | Zot:5    | Killed an orb of fire
 83060 | Zot:4    | Lost mutation: Your magical capacity is low. (-10% MP)
                  | [potion of mutation]
 83060 | Zot:4    | Lost mutation: You occasionally lose the ability to drink
                  | potions when taking damage. [potion of mutation]
 83060 | Zot:4    | Gained mutation: You sometimes lose your temper in combat.
                  | [potion of mutation]
 83061 | Zot:4    | Lost mutation: You sometimes lose your temper in combat.
                  | [potion of mutation]
 83061 | Zot:4    | Gained mutation: Your mind is acute. (Int +4, Str/Dex -1)
                  | [potion of mutation]
 83170 | Zot:5    | Noticed an orb of fire
 83173 | Zot:5    | Killed an orb of fire
 83217 | Zot:5    | Noticed an orb of fire
 83234 | Zot:5    | Killed an orb of fire
 83333 | Zot:5    | Reached skill level 20 in Fighting
 83885 | Zot:5    | Noticed an orb of fire
 83949 | Zot:5    | Noticed an orb of fire
 83952 | Zot:5    | Killed an orb of fire
 83955 | Zot:5    | Killed an orb of fire
 84256 | Zot:5    | You pick up a book of the Dragon and begin reading...
 84296 | Zot:5    | Noticed an electric golem
 84305 | Zot:5    | Killed an electric golem
 84379 | Zot:5    | Got the Orb of Zot
 84418 | Zot:4    | Noticed Cyfene Fest the pandemonium lord
 84421 | Zot:4    | Killed Cyfene Fest the pandemonium lord
 84867 | D:$      | Escaped with the Orb!

Vanquished Creatures
  3 dread liches (Zot:5)
  8 orbs of fire (Zot:5)
  Mara (Depths:1)
  A juggernaut (Depths:3)
  Vv (Depths:3)
  5 Killer Klowns
  2 curse toes
  A caustic shrike (shapeshifter) (Depths:1)
  the Enchantress (Depths:4)
  15 golden dragons
  4 bone dragons (Depths:4)
  A pandemonium lord (Zot:4)
  5 electric golems
  Jorgrun (D:14)
  17 tentacled monstrosities
  7 titans
  Rupert (Lair:5)
  25 Orb Guardians
  4 deep elf blademasters
  An Ice Fiend (Depths:4)
  A quicksilver dragon (shapeshifter) (Vaults:5)
  3 quicksilver dragons
  Asterion (Elf:2)
  11 sphinxes
  2 liches (Depths:3)
  10 death cobs
  17 storm dragons
  16 shadow dragons
  9 draconian knights
  6 draconian monks
  Roxanne (Spider:2)
  6 tengu reavers
  6 fire giants
  14 frost giants
  8 emperor scorpions
  6 deep elf sorcerers (Elf:3)
  A balrug (Depths:4)
  10 vault wardens
  An iron dragon (Zot:1)
  10 ghost moths
  8 draconian scorchers
  The ghost of Vadun the Grappler, a journeyman TrMo of Jiyva (Lair:4)
  Aizul (Vaults:2)
  2 orc warlords
  7 draconian stormcallers
  Louise (Depths:3)
  4 deep elf elementalists (Elf:3)
  5 spriggan defenders
  A quicksilver ooze (shapeshifter) (Elf:1)
  7 draconian annihilators
  4 draconian shifters
  6 ironbound thunderhulks
  15 very ugly things
  3 war gargoyles
  A broodmother (Spider:4)
  8 green draconians
  7 deep elf demonologists
  6 vampire knights
  21 ironbound preservers
  Azrael (D:13)
  13 stone giants
  15 purple draconians
  11 yellow draconians
  9 red draconians
  12 spark wasps
  12 black draconians
  7 white draconians
  19 dire elephants
  9 deep elf annihilators
  2 blizzard demons
  4 deep elf death magi (Elf:3)
  2 minotaurs (Shoals:4)
  7 ettins
  A crystal guardian (Vaults:3)
  Josephine (Lair:4)
  3 merfolk impalers
  A jiangshi (Vaults:3)
  4 deep elf high priests
  2 entropy weavers (shapeshifter)
  15 fire dragons
  10 great orbs of eyes
  The ghost of DadFather the Skirmisher, a journeyman CeHu of Okawaru (D:11)
  16 yaktaur captains
  3 merfolk javelineers
  4 entropy weavers
  9 ice dragons
  4 rakshasas
  2 boulder beetles
  Erolcha (D:12)
  4 hydras
  A radroach (Spider:2)
  3 peacekeepers
  4 spriggan air magi
  32 vault guards
  2 merfolk avatars
  10 ironbound frosthearts
  A catoblepas (Lair:3)
  A jorogumo (Spider:3)
  A hell beast (Depths:2)
  11 two-headed ogres
  6 dancing weapons
  6 ogre magi
  14 satyrs (Shoals:4)
  20 centaur warriors
  The ghost of tmbigdog the Cleaver, a novice HOFi of Trog (D:8)
  4 deep troll shamans
  10 hell knights
  7 deep troll earth magi
  A death yak (Lair:4)
  12 spriggan berserkers
  7 tengu warriors
  11 deep elf knights
  A soul eater (Depths:2)
  A sun moth (Spider:1)
  4 sun demons (Depths:4)
  7 skeletal warriors
  A shadow wraith (Vaults:5)
  5 skysharks
  7 iron trolls
  11 sea snakes
  57 deep trolls
  8 orb spiders
  4 pharaoh ants
  A death drake (shapeshifter) (Vaults:5)
  The ghost of Sykov the Tainter, a novice DsVM of Vehumet (D:6)
  3 flayed ghosts
  8 wizards
  A golden dragon zombie (Depths:1)
  16 deep elf archers
  3 glowing orange brains
  A spectral hydra (Lair:4)
  8 necromancers
  14 ironbound convokers
  A shadow demon (Zot:4)
  10 phantasmal warriors
  4 steelbarb worms
  5 lindwurms
  33 deep elf pyromancers
  26 deep elf zephyrmancers
  12 harpies
  11 orc knights
  10 wolf spiders
  22 ugly things
  6 cyclopes
  An orc sorcerer (Orc:2)
  12 manticores
  12 fauns
  An oklob plant (Lair:1)
  17 vault sentinels
  34 moths of wrath
  5 merfolk sirens
  A rust devil (Zot:1)
  A black mamba (Lair:3)
  2 eyes of devastation (shapeshifter)
  3 elephants (Lair:2)
  6 water nymphs
  5 cane toads
  6 demonic crawlers
  A torpor snail (Spider:1)
  2 smoke demons (Lair:5)
  3 unseen horrors
  3 gargoyles
  A storm dragon simulacrum (Depths:1)
  Maggie (Lair:1)
  5 kobold demonologists
  2 rime drakes (Lair:3)
  22 yaktaurs
  A tengu conjurer (D:13)
  6 komodo dragons
  An ice devil (Depths:2)
  2 freezing wraiths (Vaults:3)
  3 ancient zymes (Lair:5)
  A yaktaur skeleton (Vaults:4)
  A hornet (shapeshifter) (D:13)
  23 merfolk
  A merfolk (shapeshifter) (Depths:4)
  3 wind drakes
  A polar bear (Lair:2)
  12 tarantellas
  7 trolls
  4 hornets
  A tarantella (shapeshifter) (Depths:1)
  9 blink frogs
  2 nameless horrors
  8 snapping turtles
  Prince Ribbit (D:8)
  5 dream sheep
  An ettin zombie (Vaults:4)
  26 jumping spiders
  An ettin skeleton (Vaults:4)
  12 water elementals
  37 slime creatures
  8 culicivoras
  2 vampires
  2 spectral komodo dragons (Lair:4)
  2 air elementals (Elf:3)
  A ynoxinul (Depths:2)
  5 wraiths
  2 wyverns
  5 spriggans
  2 basilisks
  A hog (Spider:1)
  56 yaks
  3 fire elementals
  A human (Lair:3)
  24 redbacks
  12 vampire mosquitoes
  A steam dragon (D:9)
  A catoblepas simulacrum (Lair:4)
  A swamp worm (shapeshifter) (Vaults:5)
  3 wargs
  4 acid dragons
  A floating eye (Depths:3)
  11 water moccasins
  16 orc warriors
  Pargi (Sewer)
  4 black bears
  5 boggarts
  An ice beast (D:5)
  3 sky beasts
  4 wolves (Lair:3)
  6 ogres
  5 phantoms
  3 centaurs (D:14)
  A human skeleton (Vaults:4)
  A bullfrog (shapeshifter) (Vaults:5)
  2 gnoll sergeants
  11 kobold brigands
  8 bullfrogs
  2 scorpions (D:5)
  8 wights (D:7)
  3 small abominations (Lair:5)
  9 killer bees (D:8)
  An electric eel (D:15)
  3 howler monkeys
  10 jellies (Lair:5)
  3 hounds
  18 orc priests
  A gnoll bouda (D:7)
  An iguana (D:6)
  25 orc wizards
  8 adders
  23 gnolls
  A river rat (D:4)
  A white imp (D:5)
  4 dart slugs
  70 orcs
  8 ball pythons
  6 bats
  5 endoplasms
  3 giant cockroaches
  7 hobgoblins
  7 jackals
  16 kobolds
  2 quokkas
  2 frilled lizards
  10 goblins
  4 rats
  A bush (D:12)
1818 creatures vanquished.

Vanquished Creatures (collateral kills)
  A golden dragon (Vaults:4)
  A bone dragon (Depths:4)
  A sphinx (Vaults:5)
  A storm dragon (Zot:1)
  Kirke (Spider:1)
  A draconian monk (Zot:3)
  An emperor scorpion (Spider:4)
  A vault warden (Vaults:1)
  A draconian knight (Zot:1)
  A draconian shifter (Zot:2)
  An ironbound preserver (Vaults:4)
  3 orc warlords
  A broodmother (Spider:1)
  2 war gargoyles
  3 very ugly things
  5 black draconians (Depths:4)
  A white draconian (Zot:2)
  2 deep elf demonologists (Elf:3)
  3 dire elephants
  3 spark wasps
  A crystal guardian (Vaults:1)
  2 fire dragons
  A merfolk impaler (Shoals:2)
  A great orb of eyes (Vaults:1)
  2 entropy weavers
  2 hydras
  A catoblepas (Lair:5)
  A vault guard (Vaults:2)
  An ironbound frostheart (Vaults:3)
  4 two-headed ogres (D:15)
  17 dancing weapons
  2 boulder beetles
  2 death yaks (Lair:4)
  A titan zombie (Depths:1)
  3 tengu warriors
  2 vampire magi
  An orc high priest (Elf:3)
  A storm dragon zombie (D:15)
  4 thrashing horrors (Lair:5)
  3 deep elf knights
  A sun demon (Depths:1)
  2 sun moths
  A pharaoh ant (Spider:3)
  3 skeletal warriors (D:15)
  An iron troll (Depths:3)
  3 sea snakes
  5 deep trolls
  3 orb spiders
  An ironbound convoker (Vaults:1)
  4 lindwurms
  A golden dragon skeleton (D:15)
  A deep elf archer (Elf:2)
  4 steelbarb worms
  3 orc knights
  5 deep elf pyromancers
  2 harpies
  5 deep elf zephyrmancers
  9 wolf spiders
  A stone giant zombie (Vaults:4)
  10 ugly things
  4 fauns
  2 cyclopes
  4 moths of wrath
  2 torpor snails
  A fire giant skeleton (D:15)
  A black mamba (Lair:5)
  3 smoke demons (Lair:5)
  3 demonic crawlers
  A vault sentinel (Vaults:1)
  A cane toad (Lair:5)
  A rime drake (Lair:5)
  A rime drake (shapeshifter) (D:13)
  4 komodo dragons
  4 tengu conjurers
  2 merfolk (Shoals:2)
  A wind drake (Shoals:1)
  4 trolls
  A wolf spider simulacrum (D:14)
  10 tarantellas
  11 blink frogs
  2 dream sheep (Lair:5)
  A snapping turtle (Shoals:3)
  2 spriggan zombies
  A slime creature (Vaults:1)
  20 jumping spiders
  11 culicivoras
  A spriggan (Lair:5)
  An air elemental (Elf:2)
  A jumping spider (shapeshifter) (D:13)
  A yak (shapeshifter) (D:15)
  10 small abominations (Lair:5)
  2 water elementals
  8 yaks
  A wyvern (Lair:5)
  A ynoxinul (Lair:5)
  3 fire elementals (D:13)
  A hog (Spider:1)
  6 basilisks
  13 redbacks
  2 chaos spawn (Lair:5)
  4 wargs (Orc:2)
  A water moccasin (Lair:5)
  2 hell hounds (D:13)
  18 orc warriors
  A spriggan simulacrum (Depths:1)
  3 ogres
  5 earth elementals
  An electric eel (D:15)
  A howler monkey (D:14)
  6 orc priests
  4 jellies (Lair:5)
  7 orc wizards
  33 orcs
  An endoplasm (Lair:5)
387 creatures vanquished.

Vanquished Creatures (others)
  A radroach (Spider:4)
  2 deep elf knights
  2 humans (Spider:1)
  A redback (Spider:4)
  An adder (D:4)
  130 fulminant prisms
  15 fungi
  184 plants
  4 withered plants (D:15)
340 creatures vanquished.

Grand Total: 2545 creatures vanquished

Table legend:
 A = Non-vault XP
 B = Vault XP
 C = Vault XP percentage of total XP
 D = Non-vault monster count
 E = Vault monster count
 F = Vault count percentage of total count
                 A         B        C        D         E       F
            +---------+---------+-------+---------+---------+-------
      Total |  742982 |  653793 |  46.8 |    1372 |     821 |  37.4
            +---------+---------+-------+---------+---------+-------
        D:1 |      41 |      11 |  21.2 |      22 |       6 |  21.4
        D:2 |      53 |       0 |   0.0 |      15 |       0 |   0.0
        D:3 |     252 |       0 |   0.0 |      10 |       0 |   0.0
        D:4 |     440 |      18 |   3.9 |      25 |       4 |  13.8
        D:5 |     691 |       0 |   0.0 |      15 |       0 |   0.0
        D:6 |     744 |    1491 |  66.7 |      12 |       9 |  42.9
        D:7 |    1197 |      11 |   0.9 |      22 |       6 |  21.4
        D:8 |    2413 |    1075 |  30.8 |      16 |       2 |  11.1
        D:9 |    1381 |       0 |   0.0 |      14 |       0 |   0.0
       D:10 |    4088 |       0 |   0.0 |      27 |       0 |   0.0
       D:11 |    4993 |    1734 |  25.8 |      21 |       2 |   8.7
       D:12 |    5161 |    1150 |  18.2 |      24 |      18 |  42.9
       D:13 |    5426 |   18110 |  76.9 |      15 |      40 |  72.7
       D:14 |   11604 |    1950 |  14.4 |      27 |       1 |   3.6
       D:15 |   19184 |    5139 |  21.1 |      34 |       8 |  19.0
     Lair:1 |    2340 |     728 |  23.7 |       9 |       2 |  18.2
     Lair:2 |    6600 |    1226 |  15.7 |      25 |       2 |   7.4
     Lair:3 |    5999 |    1860 |  23.7 |      21 |       4 |  16.0
     Lair:4 |    8336 |    3960 |  32.2 |      23 |       9 |  28.1
     Lair:5 |   10383 |   14684 |  58.6 |      37 |      58 |  61.1
   Shoals:1 |   13499 |    1252 |   8.5 |      26 |       6 |  18.8
   Shoals:2 |   13338 |       0 |   0.0 |      29 |       0 |   0.0
   Shoals:3 |    7429 |    4272 |  36.5 |      14 |       6 |  30.0
   Shoals:4 |   11718 |   26142 |  69.0 |      26 |      36 |  58.1
   Spider:1 |   21069 |    9199 |  30.4 |      48 |      26 |  35.1
   Spider:2 |   13388 |    7530 |  36.0 |      30 |       6 |  16.7
   Spider:3 |   16740 |       0 |   0.0 |      40 |       0 |   0.0
   Spider:4 |   11789 |   14711 |  55.5 |      29 |      35 |  54.7
      Orc:1 |    3032 |       0 |   0.0 |      40 |       0 |   0.0
      Orc:2 |    6721 |    4508 |  40.1 |      46 |      69 |  60.0
      Elf:1 |   25137 |   14460 |  36.5 |      38 |      22 |  36.7
      Elf:2 |   25583 |    6661 |  20.7 |      42 |       6 |  12.5
      Elf:3 |   18983 |   39048 |  67.3 |      36 |      36 |  50.0
   Vaults:1 |   37391 |   19172 |  33.9 |      53 |      28 |  34.6
   Vaults:2 |   57683 |    8555 |  12.9 |      75 |      14 |  15.7
   Vaults:3 |    6146 |   30771 |  83.4 |       7 |      43 |  86.0
   Vaults:4 |   22257 |   39965 |  64.2 |      32 |      46 |  59.0
   Vaults:5 |   17892 |   89794 |  83.4 |      32 |      83 |  72.2
   Depths:1 |   33903 |    9828 |  22.5 |      41 |       7 |  14.6
   Depths:2 |   33878 |    9836 |  22.5 |      40 |      11 |  21.6
   Depths:3 |   39800 |   30683 |  43.5 |      48 |      24 |  33.3
   Depths:4 |   32648 |   47889 |  59.5 |      37 |      39 |  51.3
      Zot:1 |   38878 |   26909 |  40.9 |      34 |      23 |  40.4
      Zot:2 |   51583 |       0 |   0.0 |      41 |       0 |   0.0
      Zot:3 |   32424 |   10399 |  24.3 |      26 |       9 |  25.7
      Zot:4 |   31764 |   38311 |  54.7 |      27 |      30 |  52.6
      Zot:5 |   26983 |  110613 |  80.4 |      21 |      41 |  66.1
      Sewer |       0 |     138 | 100.0 |       0 |       4 | 100.0
            +---------+---------+-------+---------+---------+-------

Skill      XL: |  1  2  3  4  5  6  7  8  9 10 11 12 13 14 15 16 17 18 19 20 21 22 23 24 25 26 27 |
---------------+----------------------------------------------------------------------------------+-----
Spellcasting   | 4 5 6 7 9 11 12 14 16 18 19 21 23 26 27 | 27.0
Conjurations   | 5 6 7 8 9 10 12 14 16 18 20 | 20.0
Hexes          | 2 3 5 7 8 |  8.0
Translocations | 4 |  4.0
Ice Magic      | 3 4 |  4.0
Air Magic      | 2 4 6 9 14 19 20 | 20.0
Fighting       | 2 4 5 8 10 12 14 16 19 20 | 20.9
Dodging        | 4 6 10 17 | 17.0
Stealth        | 3 4 6 |  6.0
Earth Magic    | 4 8 |  8.0
Summonings     | 7 8 |  8.0
Shields        | 1 4 5 |  5.0
Fire Magic     | 9 15 16 17 20 | 20.0
Transmutations | 4 8 |  8.0

Action                     |  1- 3 |  4- 6 |  7- 9 | 10-12 | 13-15 | 16-18 | 19-21 | 22-24 | 25-27 || total
---------------------------+-------+-------+-------+-------+-------+-------+-------+-------+-------++-------
  Melee: Unarmed           |     1 |       |       |       |       |       |       |       |       ||     1
         Hand axe          |       |       |       |     3 |     8 |       |       |       |       ||    11
         Staff             |       |       |       |       |       |     1 |       |       |       ||     1
   Cast: Magic Dart        |    68 |    69 |    41 |   134 |    62 |    18 |       |       |       ||   392
         Searing Ray       |     5 |    19 |    14 |     1 |       |       |       |       |       ||    39
         Fulminant Prism   |       |       |    50 |    64 |    16 |       |       |       |       ||   130
         Iskenderun's Myst |       |       |     5 |    51 |    21 |     7 |     3 |     1 |       ||    88
         Iskenderun's Batt |       |       |     8 |    68 |    23 |    42 |    86 |       |       ||   227
         Freezing Cloud    |       |       |       |    39 |   103 |    66 |       |       |       ||   208
         Iron Shot         |       |       |       |     2 |     4 |    10 |       |       |       ||    16
         Spellforged Servi |       |       |       |       |   115 |   161 |   180 |    36 |     6 ||   498
         Plasma Beam       |       |       |       |       |   108 |   309 |   395 |   183 |       ||   995
         Irradiate         |       |       |       |       |     2 |    26 |       |    14 |       ||    42
         Airstrike         |       |       |       |       |     1 |       |       |       |       ||     1
         Orb of Destructio |       |       |       |       |       |     7 |       |       |       ||     7
         Ignition          |       |       |       |       |       |     3 |    57 |    23 |     3 ||    86
         Chain Lightning   |       |       |       |       |       |       |    18 |   246 |   181 ||   445
         Maxwell's Capacit |       |       |       |       |       |       |     1 |    18 |    31 ||    50
         Statue Form       |       |       |       |       |       |       |       |    73 |    70 ||   143
         Lehudib's Crystal |       |       |       |       |       |       |       |     3 |       ||     3
Ability: End Transformatio |       |       |       |       |       |       |       |     2 |     1 ||     3
  Evoke: Wand              |       |       |       |     1 |       |       |       |       |       ||     1
    Use: Scroll            |       |    14 |     5 |     4 |    10 |     7 |     2 |     6 |     6 ||    54
         Potion            |       |     1 |       |       |       |     4 |       |    17 |     5 ||    27
 Armour: Leather armour    |       |     3 |     4 |       |       |       |       |       |       ||     7
         Robe              |       |       |     3 |    10 |    14 |    33 |     5 |     9 |     2 ||    76
         Skin              |       |       |       |       |       |       |       |    63 |    54 ||   117
  Dodge: Dodged            |     5 |    15 |     9 |    35 |    54 |    39 |    22 |   104 |    64 ||   347
  Block: Buckler           |       |       |       |       |       |    10 |     9 |    35 |    19 ||    73

Illustrated notes

Table legend:
 A = Kills in this place as a percentage of kills in the entire game.
 B = Kills by you in this place as a percentage of kills by you in the entire game.
 C = Kills by friends in this place as a percentage of kills by friends in the entire game.
 D = Other kills in this place as a percentage of other kills in the entire game.
 E = Experience gained in this place as a percentage of experience gained in the entire game.
 F = Experience gained in this place divided by the number of levels of this place that you have seen.
                   A       B       C       D       E      F
               +-------+-------+-------+-------+-------+----------------------
         Total | 100.0 | 100.0 | 100.0 | 100.0 | 100.0 | 28732.4
       Dungeon |  18.0 |  19.7 |  10.3 |   0.0 |   6.4 | 6017.1
          Lair |   8.6 |   6.8 |  17.1 |   0.0 |   4.0 | 11223.2
        Shoals |   6.5 |   7.1 |   3.6 |   0.0 |   5.5 | 19412.5
   Spider Nest |   9.7 |   7.0 |  22.2 |  50.0 |   6.7 | 23606.5
  Orcish Mines |   7.0 |   4.4 |  19.6 |   0.0 |   1.0 | 7130.5
   Elven Halls |   8.2 |   7.6 |  10.6 |  50.0 |   9.2 | 43290.7
        Vaults |  18.7 |  21.2 |   7.5 |   0.0 |  23.4 | 65925.2
        Depths |  11.5 |  12.5 |   7.0 |   0.0 |  17.4 | 61119.5
           Zot |  11.6 |  13.6 |   2.1 |   0.0 |  26.4 | 74212.6
         Sewer |   0.2 |   0.2 |   0.0 |   0.0 |   0.0 | 138.0
               +-------+-------+-------+-------+-------+----------------------

Table legend: (Time is in decaauts)
 A = Elapsed time spent in this place.
 B = Non-inter-level travel time spent in this place.
 C = Inter-level travel time spent in this place.
 D = Time resting spent in this place.
 E = Time spent auto-exploring this place.
 F = Levels seen in this place.
 G = Mean time per level.
                   A        B        C        D        E       F      G
               +--------+--------+--------+--------+--------+-----+--------+
         Total |  88756 |  79734 |   9022 |  23933 |  21450 |  49 | 1811.3 |
       Dungeon |  24491 |  21168 |   3323 |   6364 |   7397 |  15 | 1632.7 |
        Temple |     94 |     87 |      7 |      0 |     66 |   1 |   94.0 |
          Lair |   8497 |   7689 |    808 |   1927 |   2529 |   5 | 1699.4 |
        Shoals |   4378 |   4067 |    311 |    579 |   1347 |   4 | 1094.5 |
   Spider Nest |   7276 |   6802 |    474 |   2011 |   1267 |   4 | 1819.0 |
  Orcish Mines |   4129 |   3466 |    663 |   1345 |    497 |   2 | 2064.5 |
   Elven Halls |   6652 |   6304 |    348 |   2256 |   1374 |   3 | 2217.3 |
        Vaults |  10100 |   9209 |    891 |   2337 |   2419 |   5 | 2020.0 |
        Depths |   9715 |   8689 |   1026 |   3022 |   2124 |   4 | 2428.8 |
           Zot |  13111 |  11945 |   1166 |   3931 |   2429 |   5 | 2622.2 |
         Sewer |    308 |    308 |      0 |    161 |      0 |   1 |  308.0 |
               +--------+--------+--------+--------+--------+-----+--------+

Top non-repeatable levels by time:
   Orc:2: 3287 daAuts
   Zot:5: 3150 daAuts
   Zot:4: 3133 daAuts
   Zot:1: 3012 daAuts
    D:12: 2659 daAuts
Vaults:4: 2584 daAuts
Depths:1: 2584 daAuts
   Elf:1: 2516 daAuts
Depths:3: 2503 daAuts
Depths:4: 2465 daAuts
   Elf:3: 2337 daAuts
Vaults:1: 2324 daAuts
Spider:4: 2305 daAuts
Spider:2: 2302 daAuts
   Zot:3: 2182 daAuts
